Zazza, lawful female dwarven Valkyrie -------- #.......| -------------- #|.......# --------- |.............####################|......|# |.......| |............| ###--------# ##........| |............| # ################# # |.......| |.......@.....### ## ### # ### -.------- |............| ########### # # # ###### -------------- ###---|-### # ### # #..>..# #### # ## |...|# #----------# ----.-- |...|# #-.........# |.....| |...|# |........| |.....| |....# |........| |.....| ----- ---------- ------- Zazza the Skirmisher Experience level: 4 Strength: 16 Dexterity: 11 Constitution: 19 Intelligence: 10 Wisdom: 11 Charisma: 9 Health: 50(50) Energy: 3(3) Def: 4 Gold: 445 Moves: 2226 Dungeon seed: Vz-SIOFuaPmm_X5o Game ID: Zazza_1527750574 Your Inventory: Coins $ - 445 gold pieces Weapons a - a +1 long sword b - a blessed +0 dagger d - 4 +0 orcish daggers s - a +0 knife Armor e - an uncursed +3 small shield (being worn) y - an uncursed +0 leather armor z - an uncursed +0 scale mail Y - an uncursed +0 ring mail Scrolls f - an uncursed scroll of enchant weapon Potions j - a blessed potion of blindness Tools l - an uncursed skeleton key p - an uncursed towel Gems r - 3 uncursed aquamarine stones N - 2 uncursed worthless pieces of red glass Spells and supernatural/magical abilities: Name Level Category Fail Memory W - pray for help -- divine ? -- Your skills at the end: Fighting Skills Weapon Skills dagger [Basic] long sword [Basic] Spellcasting Skills Final Attributes: You were haltingly aligned. You were cold resistant. You had infravision. You were stealthy. You were lucky. You survived. Vanquished creatures: a little dog a rabid rat 3 giant bats a wererat an iguana a hobbit a hobgoblin 2 giant rats a yellow mold 2 garter snakes 5 jackals 4 goblins 4 sewer rats 5 grid bugs a bat 3 lichens a kobold zombie 8 newts 45 creatures vanquished. Voluntary challenges: You had been an atheist until turn 1843. You used a wielded weapon 38 times, starting on turn 2. You were illiterate. You never genocided any monsters. You never polymorphed an object. You never changed form. You used no wishes. You never split a pudding. You never wrote Elbereth's name. You violated your moral code, losing 19 points of alignment, starting on turn 2068. Dungeon overview: The Dungeons of Doom: levels 1 to 4 Level 1 <- You were here a long staircase Level 2 a potion shop Level 3 a fountain a long staircase Level 4 an altar to Loki History has recorded: On T:1 you entered the Dungeons of Doom to retrieve the Amulet of Yendor! On T:210 you advanced to experience level 2. On T:349 you reached level 2 of The Dungeons of Doom. On T:479 you advanced to experience level 3. On T:970 you reached level 3 of The Dungeons of Doom. On T:1653 you advanced to experience level 4. On T:1930 you reached level 4 of The Dungeons of Doom. Score breakdown: Gold: 445 ( 9012 points) Experience: 4 levels ( 9649 points) Exploration: 4 levels ( 7.55%) ( 7205 points) Discoveries: 0 items ( 0.00%) ( 0 points) Valuables value: 4500 (12427 points) Artifact value: 0 ( 0 points) Variety of kills: 18 monsters ( 4.72%) ( 6520 points) Turncount: 2226 turns ( -159 points) Survival: survived (score multiplied by 100%) Total score: 44654 Latest messages: There is an altar to Loki (chaotic) here. There are a few objects here. Something is written here in the dust. You read: "a ?c ?". There are a few objects here. This door is locked. That door is closed. (2x) As you kick the door, it crashes open! You begin bashing monsters with your bare hands. The hobbit gets angry! You hit the hobbit. You kill the hobbit! There is a broken door here. You see here an elven dagger. There is a broken door here. You see here an elven dagger. You hear the splashing of a naiad. If you leave the dungeon, you cannot return! Final status: Farvel Zazza the Valkyrie, escaped... You escaped from the dungeon with 44654 points, 3 aquamarine stones (worth 4500 zorkmids), 2 worthless pieces of colored glass, and 445 pieces of gold, after 2226 moves. You were level 4 with a maximum of 50 hit points when you escaped.